 Dungeon Crawl Stone Soup version 0.22-a0-113-gdd6f4a9 (webtiles) character file.

152 DakAttack the Sneak (level 5, -3/39 HPs)
             Began as a Vampire Assassin on Jan 28, 2018.
             Killed from afar by Sigmund (8 damage)
             ... with a magic dart
             ... on level 3 of the Dungeon.
             The game lasted 00:08:17 (5310 turns).

DakAttack the Sneak (Vampire Assassin)              Turns: 5310, Time: 00:08:18

Health: -3/39      AC:  3    Str: 10      XL:     5   Next: 11%
Magic:  5/5        EV: 13    Int: 13 (14) God:
Gold:   132        SH:  0    Dex: 16      Spells: 4/4 levels left

rFire    . . .     SeeInvis +   b - +0 blowgun
rCold    + . .     Gourm    .   (no shield)
rNeg     + + +     Faith    .   c - +0 robe
rPois    +         Spirit   .   (no helmet)
rElec    .         Reflect  .   d - +0 cloak
rCorr    .         Harm     .   (no gloves)
MR       .....                  (no boots)
Stlth    +++++.....             (no amulet)
HPRegen  0.06/turn              s - ring of positive energy
MPRegen  0.09/turn              (no ring)

@: regenerating slowly
A: fangs 3, see invisible, unbreathing
a: Bat Form


You were on level 3 of the Dungeon.
You were near bloodless.

You visited 1 branch of the dungeon, and saw 4 of its levels.

You collected 132 gold pieces.

Inventory:

Hand Weapons
 a - a +2 dagger
 b - a +0 blowgun (weapon)
Missiles
 e - a poisoned needle (quivered)
 f - 2 curare-tipped needles
Armour
 c - a +0 robe (worn)
 d - a +0 cloak (worn)
Jewellery
 s - a ring of positive energy (left hand)
Wands
 t - a wand of disintegration (17)
Scrolls
 k - 2 scrolls of identify
 l - a scroll of fear
 q - a scroll of fog
Potions
 g - 2 potions of flight
 h - a potion of cancellation {unknown}
 m - 8 potions of blood
 n - 2 potions of brilliance
 o - 3 potions of berserk rage {unknown}
 p - a potion of resistance {unknown}
 r - a potion of lignification {unknown}


   Skills:
 + Level 2.5 Fighting
 + Level 3.0 Short Blades
 + Level 2.2 Throwing
 + Level 2.3 Dodging
 * Level 7.5 Stealth


You had 4 spell levels left.
You didn't know any spells.

Dungeon Overview and Level Annotations

Branches:
Dungeon (4/15)
 Temple: D:4-7

Altars:
Elyvilon

Annotations:
D:3 Sigmund
D:4 Dowan, Robin


Innate Abilities, Weirdness & Mutations

You heal slowly.
You have razor-sharp teeth.
You have supernaturally acute eyesight. (SInv)
You can survive without breathing.


Message History

Your extra speed is starting to run out.
Firing (i - inventory. (,) - cycle):
e - 2 poisoned needles (quivered)
Press: ? - help, Shift-Dir - straight line, f/p - Sigmund
Aim: Sigmund, wielding a scythe and wearing a glowing robe (almost dead, poisoned, slightly transparent)
You shoot a poisoned needle. The poisoned needle hits the adder.
The adder is poisoned.
The adder is almost dead.
You feel yourself slow down.
You kill the adder!
Wield which item (- for none, * to show all)? (? for menu, Esc to quit)
a - a +2 dagger (weapon)
There is an open door here.
Sigmund casts a spell at you. The puff of flame misses you.
There is an open door here.
Wield which item (- for none, * to show all)? (? for menu, Esc to quit)
b - a +0 blowgun (weapon)
Sigmund gestures at you while chanting. The magic dart hits you!
You die...

#...# #.......##.# #...)#
#.#. #...# #.......##.#
#....# #.#. #...#
#.......##.# #....# #.#.
#...# #......%##.# #....#
#.#. #...# #.......##.#
#....# #.#. #...#
##########)# ###### #.#.
#...## #.# #.#. #....# #.#
########.#. #....# #@#
#........#. ##...# #.#
####@########. #...# #.#
#........# #. #...# #.#
#........# #.
##...###########@###........#
#.
##................#####@#####
#. ##................# #.#
#### ##................#
###'#### #...
##................# #......#
#...


You could see Sigmund (invisible).

Vanquished Creatures
  5 adders
  2 oozes
  2 worms
  4 dart slugs
  A leopard gecko (D:1)
  A ball python (D:1)
  3 giant cockroaches
  12 goblins
  9 hobgoblins
  3 jackals (D:2)
  2 quokkas (D:2)
  12 bats
  5 frilled lizards
  14 kobolds
  5 rats
80 creatures vanquished.

Notes
Turn   | Place    | Note
-------+----------+-------------------------------------------
     0 | D:1      | DakAttack the Vampire Assassin began the quest for the Orb.
     0 | D:1      | Reached XP level 1. HP: 16/16 MP: 1/1
   103 | D:1      | Reached skill level 6 in Stealth
   144 | D:1      | Reached XP level 2. HP: 22/22 MP: 2/2
   568 | D:1      | Reached XP level 3. HP: 27/27 MP: 3/3
   926 | D:2      | HP: 1/27 [poisoned by an adder]
  2931 | D:2      | Reached XP level 4. HP: 30/33 MP: 4/4
  3060 | D:2      | Reached skill level 7 in Stealth
  4067 | D:4      | Found a white marble altar of Elyvilon.
  4067 | D:4      | Noticed Dowan
  4067 | D:4      | Noticed Robin
  4440 | D:3      | Noticed Sigmund
  4983 | D:3      | Reached XP level 5. HP: 36/39 MP: 5/5
  5310 | D:3      | Killed from afar by Sigmund

Vault maps used:
D:1:      dpeg_arrival_simpleton_c
D:2:      first_ration, grunt_ministairs_8, hangedman_feature_mirror
D:3:      uniq_sigmund
D:4:      wad_woods_tower, lemuel_round_altar, bloody_trog, uniq_duvessa,
          uniq_robin

Skill      XL: |  1  2  3  4 |
---------------+-------------+-----
Stealth        | 6 7 |  7.5
Fighting       | 2 |  2.5
Throwing       | 2 |  2.2
Dodging        | 2 |  2.3
Short Blades   | 3 |  3.0

Action                   |  1- 3 |  4- 6 || total
-------------------------+-------+-------++-------
Melee: Dagger            |   106 |   140 ||   246
       Bite              |     8 |    14 ||    22
       Unarmed           |       |     3 ||     3
 Fire: Blowgun           |       |     7 ||     7
 Abil: End Transformatio |       |     1 ||     1
       Bat Form          |       |     1 ||     1
  Use: Scroll            |     3 |     9 ||    12
       Potion            |     5 |     8 ||    13
 Stab: Sleeping          |    16 |     9 ||    25
Armor: Robe              |    24 |    23 ||    47
Dodge: Dodged            |    51 |    75 ||   126

Table legend:
 A = Spawn XP
 B = Non-spawn XP
 C = Spawn XP percentage of total XP
 D = Spawn monster count
 E = Non-spawn monster count
 F = Spawn count percentage of total count
 G = Total turns spent on level
                    A         B        C        D         E        F      G
               +---------+---------+-------+---------+---------+-------+---------
         Total |       0 |     218 |   0.0 |       0 |      80 |   0.0 |  5310
               +---------+---------+-------+---------+---------+-------+---------
           D:1 |       0 |      44 |   0.0 |       0 |      21 |   0.0 |   859
           D:2 |       0 |     106 |   0.0 |       0 |      37 |   0.0 |  2891
           D:3 |       0 |      68 |   0.0 |       0 |      22 |   0.0 |  1558
               +---------+---------+-------+---------+---------+-------+---------
